Map: Prion Terraces

Players

LilDicky

  • Race: Terran Terran
  • League: Diamond

Ferret - Winner!

  • Race: Terran Terran
  • League: Diamond

VOD

http://www.twitch.tv/tumescentpie

Description

Time

  • Played on: Dec. 1, 2015, 4:55 p.m.
  • Length: 10:25
Show
View Real Time Build Order
Export as new Build Order

LilDicky Terran 

Build Orders: Banshee Rush 

Get SALT Encoding   

  12  0:06  SCV  
  13  0:18  SCV  
  14  0:21  Supply Depot  
  14  0:30  SCV  
  14  0:35  Refinery  
  15  0:43  SCV  
  15  0:47  Barracks  
  16  0:55  SCV  
  17  1:07  SCV  
  18  1:19  SCV  
  20  1:34  Reaper  
  20  1:37  Orbital Command  
  20  1:45  Supply Depot  
  20  1:49  Refinery  
  20  2:04  SCV  
  21  2:08  Factory  
  21  2:16  Marine  
  22  2:30  SCV  
  23  2:42  SCV  
  24  2:50  Marine  
  24  2:54  Factory Tech Lab  
  24  2:55  SCV, Starport  
  25  2:58  Engineering Bay  
  25  3:02  Command Center  
  25  3:07  SCV  
  25  3:12  Marine  
  27  3:19  SCV  
  28  3:27  Missile Turret  
  28  3:30  Supply Depot  
  29  3:38  Cloaking Field  
  29  3:40  Banshee  
  31  3:51  Marine, Widow Mine  
  31  3:52  SCV, Supply Depot  
  35  4:04  SCV  
  35  4:05  Supply Depot  
  36  4:12  Marine  
  36  4:14  Orbital Command  
  36  4:16  SCV  
  38  4:26  Banshee  
  44  4:37  Factory Tech Lab, Barracks  
  44  4:38  Barracks  
  34  5:00  Marine  
  33  5:12  Banshee  
  33  5:13  Widow Mine  
  32  5:18  Marine  
  28  5:35  SCV x2  
  30  5:36  Marine  
  31  5:43  Siege Tank  
  31  5:47  SCV  
  33  6:01  Banshee  
  35  6:07  Orbital Command  
  34  6:15  Marine  
  35  6:20  Command Center  
  35  6:24  Barracks  
  35  6:26  Barracks  
  35  6:27  Barracks  
  35  6:29  Barracks  
  35  6:34  Siege Tank  
  38  6:50  Marine  
  36  6:54  Banshee  
  38  7:07  Marine  
  36  7:20  Marine x2  
  33  7:32  Marine x2  
  33  7:33  Marine  
  36  7:37  SCV  
  37  7:49  Marine x2  
  35  7:57  Starport Reactor  
  35  8:01  Marine x2  
  34  8:07  Marine  
  34  8:09  Orbital Command  
  32  8:22  Siege Tank, Marine x2  
  32  8:25  Barracks Tech Lab  
  32  8:26  Barracks Tech Lab  
  37  8:33  Marine  
  37  8:34  SCV  
  39  8:38  SCV x2  
  39  8:40  Marine x2  
  42  8:44  Missile Turret  
  40  8:55  Viking  
  40  8:56  Viking  
  28  9:12  Marine x3  
  28  9:16  Marine x2  
  25  9:17  Siege Tank  
  25  9:18  Orbital Command  
  23  9:25  Viking  
  23  9:26  Viking  
  23  9:27  SCV  
  23  9:30  Marine x3  
  31  9:35  SCV  
  31  9:37  Marine  
  33  9:45  Marine  
  34  9:48  Marine  
  35  9:55  Marine x2  
  34  10:00  SCV  
Show
View Real Time Build Order
Export as new Build Order

Ferret Terran - Winner!

Build Orders: MMM Bio, Banshee Rush 

Get SALT Encoding   

  12  0:00  SCV  
  13  0:13  SCV  
  14  0:17  Supply Depot  
  14  0:25  SCV  
  15  0:38  Refinery  
  15  0:39  SCV  
  16  0:44  Barracks  
  16  0:51  SCV  
  17  1:03  SCV  
  18  1:15  SCV  
  19  1:31  Marine, Orbital Command  
  19  1:32  Supply Depot  
  20  1:50  Factory  
  20  1:53  Refinery, Marine  
  21  1:58  SCV  
  21  2:10  SCV  
  21  2:11  Marine  
  23  2:19  Supply Depot  
  23  2:22  SCV  
  24  2:28  Marine  
  25  2:34  Factory Tech Lab, Starport  
  24  2:50  Marine  
  25  2:52  SCV  
  26  3:00  Command Center  
  26  3:04  SCV  
  27  3:08  Marine  
  28  3:16  SCV  
  29  3:23  Cloaking Field  
  29  3:24  Banshee  
  32  3:29  Engineering Bay  
  32  3:31  SCV  
  33  3:43  SCV  
  33  3:47  Supply Depot  
  34  3:58  SCV  
  34  4:01  Missile Turret  
  35  4:05  Missile Turret  
  35  4:07  Viking  
  37  4:10  SCV  
  37  4:15  Orbital Command  
  38  4:19  Factory Reactor  
  38  4:30  Barracks Tech Lab  
  38  4:31  SCV  
  39  4:37  Viking  
  41  4:43  SCV  
  41  5:19  Marine  
  41  5:20  Stimpack  
  47  5:22  Liberator  
  42  5:36  Siege Tank  
  42  5:37  Marine  
  42  5:38  Viking  
  42  5:40  SCV  
  52  5:49  Orbital Command  
  52  5:52  SCV  
  53  6:00  Marine  
  54  6:04  SCV  
  54  6:08  Barracks  
  54  6:09  Siege Tank  
  54  6:10  Engineering Bay, Barracks  
  58  6:12  Command Center  
  58  6:13  Armory  
  58  6:21  Viking  
  58  6:24  SCV x2  
  60  6:34  Missile Turret  
  56  6:58  SCV x2  
  56  6:59  Barracks Reactor x2, Siege Tank  
  61  7:02  Barracks x2  
  61  7:10  SCV  
  62  7:23  SCV  
  62  7:24  SCV  
  61  7:37  Combat Shields  
  61  7:41  Terran Vehicle Weapons Level 1  
  58  7:46  Refinery x2  
  58  7:48  Marine  
  57  7:53  Marine x5  
  57  7:54  Orbital Command, Marine  
  63  8:06  Marine  
  63  8:07  SCV x2  
  63  8:11  Marine  
  67  8:17  Marine x4  
  67  8:18  Marine  
  69  8:22  Medivac x2  
  69  8:25  SCV  
  69  8:26  SCV  
  75  8:28  Terran Infantry Weapons Level 1  
  75  8:29  Terran Infantry Armor Level 1  
  75  8:33  Supply Depot  
  75  8:34  Supply Depot  
  75  8:53  SCV x2  
  75  9:16  Marine  
  75  9:17  Marine x6  
  70  9:18  Siege Tank, Medivac x2  
  80  9:34  Marine x2  
  80  9:35  Marine x4  
  84  9:51  SCV x2  
  84  9:52  SCV  
  85  10:03  SCV x2  
  85  10:04  SCV  
Tags
 
Add a new tag
Caveats
  • Supply blocks, unpowered buildings, or Contaminate may cause inaccurate times.
  • Supply counts are checked every 10 seconds.